 Dungeon Crawl Stone Soup version 0.29.1-1-gd02db6906a (webtiles) character file.

Game seed: 17264296182788430666

8526 Godmorgon the Thaumaturge (level 11, -3/72 HPs)
             Began as a Tengu Conjurer on Oct 8, 2022.
             Was an Elder of Vehumet.
             Slain by an eight-headed hydra (13 damage)
             ... on level 1 of the Lair of Beasts on Oct 9, 2022.
             The game lasted 01:14:56 (13544 turns).

Godmorgon the Thaumaturge (Tengu Conjurer)         Turns: 13544, Time: 01:14:57

Health: -3/72      AC:  5    Str: 13    XL:     11   Next: 32%
Magic:  26/26      EV: 16    Int: 23    God:    Vehumet [****..]
Gold:   1088       SH:  5    Dex: 13    Spells: 21/31 levels left

rFire   . . .      SeeInvis .   b - +2 hand axe of Premature Burial {holy, rPois}
rCold   + . .      Faith    .   (no shield)
rNeg    . . .      Spirit   .   J - +1 robe {rC+}
rPois   +          Reflect  +   (helmet restricted)
rElec   .          Harm     .   f - +0 cloak
rCorr   .          Rampage  .   m - +0 pair of gloves
Will    .....                   (boots unavailable)
Stlth   ++........              G - amulet of reflection
HPRegen 0.22/turn               w - +6 ring of strength
MPRegen 0.20/turn               (no ring)

@: flying quickly and evasively, quick
A: beak, talons 3, nimble flight
a: Renounce Religion


You were on level 1 of the Lair of Beasts.
You worshipped Vehumet.
Vehumet was greatly pleased with you.
You visited 3 branches of the dungeon, and saw 11 of its levels.
You also visited: Bailey.

You collected 1088 gold pieces.

Inventory:

Hand Weapons
 a - a +2 dagger of venom
 b - the +2 hand axe of Premature Burial (weapon) {holy, rPois}
   (You found it on level 3 of the Dungeon)

   It has been blessed by the Shining One to cause great damage to the undead
   and demons.
   rPois:     It protects you from poison.
 N - a +3 flail
Missiles
 d - 4 throwing nets
 h - 5 poisoned darts
Armour
 f - a +0 cloak (worn)
 m - a +0 pair of gloves (worn)
 J - a +1 robe of cold resistance (worn)
Jewellery
 w - a +6 ring of strength (left hand)
 G - an amulet of reflection (around neck)
Wands
 v - a wand of polymorph (13)
 y - a wand of quicksilver (2)
 L - a wand of flame (47)
 M - a wand of paralysis (14)
Scrolls
 e - a scroll of vulnerability {unknown}
 j - a scroll of summoning {unknown}
 k - a scroll of amnesia {unknown}
 l - 3 scrolls of noise {unknown}
 n - a scroll of fear {unknown}
 p - 6 scrolls of teleportation
 u - 3 scrolls of torment
 A - 3 scrolls of blinking
 B - 2 scrolls of poison
 D - a scroll of butterflies {unknown}
 E - a scroll of magic mapping
 H - 4 scrolls of immolation
Potions
 c - 3 potions of lignification
 g - a potion of berserk rage {unknown}
 i - a potion of mutation {unknown}
 o - 2 potions of heal wounds
 q - 4 potions of haste
 r - 2 potions of brilliance
 s - 2 potions of resistance {unknown}
 t - 4 potions of might {unknown}
 x - a potion of attraction {unknown}
 z - a potion of invisibility {unknown}
 C - 2 potions of curing
 F - a potion of degeneration
 I - 3 potions of magic
 K - a potion of flight {unknown}
Miscellaneous
 O - a phial of floods


   Skills:
 * Level 9.7 Fighting
 + Level 1.4 Armour
 - Level 5.0 Dodging
 - Level 2.5 Stealth
 + Level 10.6 Spellcasting
 - Level 9.0 Conjurations
 - Level 5.0 Fire Magic
 * Level 2.0 Poison Magic


You had 21 spell levels left.
You knew the following spells:

 Your Spells              Type           Power      Damage    Failure   Level
d - Magic Dart            Conj           100%       1d8       1%          1
f - Foxfire               Conj/Fire      100%       2x1d9     1%          1
r - Olgreb's Toxic Radia  Pois           21%        N/A       7%          4
s - Scorch                Fire           70%        2d9       1%          2
S - Searing Ray           Conj           100%       2d8       1%          2

Your spell library contained the following spells:

 Spells                   Type           Power      Damage    Failure   Level
 Shock                    Conj/Air       100%       1d9       1%          1
 Dazzling Flash           Conj/Hex       64%        N/A       1%          3
 Fulminant Prism          Conj/Hex       16%        3d11      2%          4
 Iskenderun's Mystic Bla  Conj/Tloc      32%        2d8       2%          4
 Sting                    Tmut/Pois      64%        1d6       3%          1
 Summon Small Mammal      Summ           48%        N/A       5%          1
 Blink                    Tloc           24%        N/A       9%          2
 Ensorcelled Hibernation  Hex/Ice        24%        N/A       9%          2
 Passwall                 Tmut/Erth      10%        N/A       9%          2
 Call Canine Familiar     Summ           12%        N/A       16%         3
 Lesser Beckoning         Tloc           12%        N/A       16%         3
 Summon Guardian Golem    Hex/Summ       12%        N/A       16%         3
 Swiftness                Air            12%        N/A       16%         3
 Corpse Rot               Necr/Pois/Air  15%        N/A       38%         4
 Manifold Assault         Tloc           12%        N/A       83%         5
 Silence                  Hex/Air        6%         N/A       83%         5
 Chain Lightning          Conj/Air       16%        3d21      100%        9


Dungeon Overview and Level Annotations

Branches:
Dungeon (9/15)             Temple (1/1) D:4            Lair (1/5) D:8
    Orc (0/2) D:9          Bailey (visited)

Altars:
Ashenzari
Cheibriados
Dithmenos
Elyvilon
Fedhas
Gozag
Hepliaklqana
Kikubaaqudgha
Makhleb
Nemelex Xobeh
Okawaru
Qazlal
Ru
Sif Muna
Trog
Uskayaw
Vehumet
Yredelemnul
Zin
The Shining One

Shops:
D:2 (

Annotations:
D:3 1 transporter, Iusername's ghost, amateur MiFi
D:7 1 runed translucent door, Crazy Yiuf


Innate Abilities, Weirdness & Mutations

You have a beak for a mouth.
You have claws for feet.
Your magical nature lets you fly swiftly and evasively.


Message History

Flames lash the yak.
The yak is burned terribly!
The yak is almost dead.
The yak is no longer more vulnerable to fire.
The yak gores you but does no damage. You block the yak's attack.
Casting: Scorch (safe; 1% risk of failure)
Confirm with . or Enter, or press ? or * to list all spells.
You don't have enough magic to cast this spell.
Unknown command.
An eight-headed hydra comes into view.
The yak is no longer more vulnerable to fire.
Vehumet accepts your kill.
You feel your power returning.
You feel a bit more experienced.
Your Poison Magic skill increases to level 2!
The yak looks more healthy.
A yak comes into view. x2
There is a staircase back to the Dungeon, spattered with blood here.
You fly upwards.
Welcome back to the Dungeon!
There is a staircase to the Lair here.
You start resting.
The sentinel's mark upon you fades away.
You start resting.
Magic restored.
You start resting.
HP restored.
You fly downwards.
Welcome back to the Lair of Beasts!
The eight-headed hydra barely misses you.
The eight-headed hydra closely misses you.
The eight-headed hydra bites you. The eight-headed hydra bites you!
The eight-headed hydra closely misses you.
The eight-headed hydra bites you but does no damage.
The eight-headed hydra bites you! x2
A yak comes into view.
You block the yak's attack. The yak barely misses you.
You block the yak's attack.
The eight-headed hydra bites you but does no damage.
The eight-headed hydra misses you. The eight-headed hydra bites you.
The eight-headed hydra bites you! x2
* * * LOW HITPOINT WARNING * * *
The eight-headed hydra bites you!
You die...

...## ## ....#### .(#
.......##.. .........#
....##..## ### ......#..#
##.### ........># ###....##
....##...###...YD..##
....###...#.~~YY@.~.### #...#
###YY~~≈≈.Y.~.#.# ###. #...##
##.Y~~≈~~~≈≈≈.####..../
##...###...~≈≈≈≈≈~≈~Y#YY......
#.#...#P....~~≈≈≈≈~~S#........
###..........~≈≈≈~~~Y..####.Y.
#....#......~~~~...#..#
#....###...........###...#
......# ####.###.##.# #.....


You could see an eight-headed hydra, a black mamba and 9 yaks.

Vanquished Creatures
  2 two-headed ogres (D:8)
  2 death yaks
  A torpor snail (D:8)
  Psyche (D:9)
  A wraith (D:9)
  5 yaks
  A wyvern (Lair:1)
  4 orc warriors
  A black bear (D:5)
  4 sky beasts
  2 ice beasts (D:6)
  2 wolves (Bailey)
  An ogre (D:5)
  3 centaurs
  A phantom (D:5)
  A kobold brigand (D:8)
  A bullfrog (D:6)
  8 gnoll sergeants
  3 necrophages
  3 scorpions
  4 wights (D:9)
  11 killer bees
  5 howler monkeys
  7 hounds
  7 gnoll boudas (Bailey)
  5 orc priests
  3 iguanas
  10 orc wizards
  21 gnolls
  3 adders
  2 shadow imps
  2 white imps
  An ufetubus (D:5)
  A worm (D:3)
  2 dart slugs
  40 orcs
  6 bats
  4 endoplasms
  2 giant cockroaches
  8 goblins
  5 hobgoblins
  3 jackals (D:1)
  9 kobolds
  2 quokkas
  4 ball pythons
  2 frilled lizards
  3 rats
219 creatures vanquished.

Vanquished Creatures (others)
  188 foxfires
  9 fungi
  65 plants
262 creatures vanquished.

Grand Total: 481 creatures vanquished

Notes
Turn   | Place    | Note
-------+----------+-------------------------------------------
     0 | D:1      | Godmorgon the Tengu Conjurer began the quest for the Orb.
     0 | D:1      | Reached XP level 1. HP: 10/10 MP: 4/4
   215 | D:1      | Reached XP level 2. HP: 15/15 MP: 3/6
   296 | D:1      | Learned a level 2 spell: Searing Ray
  1087 | D:2      | Reached XP level 3. HP: 19/19 MP: 4/7
  1209 | D:2      | Found Puatudok's Antique Weapon Boutique.
  1243 | D:2      | Found a faded altar of an unknown god.
  2001 | D:3      | Reached XP level 4. HP: 24/24 MP: 2/9
  2112 | D:3      | Found a snail-covered altar of Cheibriados.
  2142 | D:3      | Reached skill level 3 in Spellcasting
  2443 | D:3      | Identified the +2 hand axe of Premature Burial {holy,
                  | rPois}
  2700 | D:3      | Noticed Iusername's ghost (amateur MiFi)
  2701 | D:3      | Found a transporter.
  2701 | D:3      | Noticed an ogre
  2883 | D:4      | Found a staircase to the Ecumenical Temple.
  2932 | D:4      | Noticed a scorpion
  2939 | D:4      | Killed a scorpion
  2940 | D:4      | Gained mutation: Your magical nature lets you fly swiftly
                  | and evasively. [Tengu growth]
  2940 | D:4      | Reached XP level 5. HP: 11/28 MP: 1/11
  3315 | D:4      | Reached XP level 6. HP: 24/32 MP: 1/12
  3530 | D:4      | Reached skill level 4 in Spellcasting
  3592 | D:4      | Found a blossoming altar of Fedhas.
  4022 | Temple   | Entered the Ecumenical Temple
  4075 | Temple   | Became a worshipper of Vehumet
  4097 | D:5      | Entered Level 5 of the Dungeon
  4680 | D:5      | Reached XP level 7. HP: 28/36 MP: 4/15
  4831 | D:5      | Reached skill level 5 in Spellcasting
  5450 | D:5      | Found a bloodstained altar of Trog.
  5624 | D:5      | Reached * piety under Vehumet
  5624 | D:5      | Offered knowledge of Foxfire by Vehumet.
  5631 | D:5      | Reached skill level 5 in Dodging
  5802 | D:5      | Learned a level 1 spell: Foxfire
  5925 | D:6      | Reached XP level 8. HP: 42/42 MP: 11/17
  5978 | D:6      | Reached skill level 1 in Fire Magic
  6008 | D:6      | Reached skill level 1 in Fighting
  6081 | D:6      | Found a burning altar of Makhleb.
  6186 | D:6      | Reached skill level 6 in Spellcasting
  6503 | D:6      | Found a shimmering blue altar of Sif Muna.
  6521 | D:6      | Got Sif Muna's Commentary on the Snake
  7490 | D:7      | Found an iron altar of Okawaru.
  7492 | D:7      | Found an opulent altar of Gozag.
  7576 | D:7      | Reached skill level 7 in Spellcasting
  7576 | D:7      | Reached XP level 9. HP: 49/49 MP: 14/20
  7926 | D:7      | Offered knowledge of Sandblast by Vehumet.
  7947 | D:7      | Reached ** piety under Vehumet
  8161 | D:7      | Found a runed translucent door.
  8162 | D:7      | Noticed Crazy Yiuf
  8654 | D:8      | Reached skill level 8 in Spellcasting
  8739 | D:8      | Found a staircase to the Lair.
  9273 | D:8      | Reached skill level 5 in Fire Magic
  9501 | D:8      | Noticed a two-headed ogre
  9530 | D:8      | Killed a two-headed ogre
  9531 | D:8      | Reached skill level 5 in Fighting
  9531 | D:8      | Reached skill level 9 in Spellcasting
  9531 | D:8      | Reached XP level 10. HP: 60/60 MP: 17/24
  9617 | D:8      | Noticed a two-headed ogre
  9983 | D:8      | Killed a two-headed ogre
 10311 | D:9      | Found a flagged portal.
 10316 | D:9      | Offered knowledge of Scorch by Vehumet.
 10352 | Bailey   | Entered a bailey
 10456 | Bailey   | Reached *** piety under Vehumet
 11171 | Bailey   | Learned a level 2 spell: Scorch
 11210 | Bailey   | Got the Catalogue of the Lungs
 11389 | D:9      | Offered knowledge of Olgreb's Toxic Radiance by Vehumet.
 11390 | D:9      | Reached skill level 10 in Spellcasting
 11609 | D:9      | Noticed Psyche
 11627 | D:9      | Killed Psyche
 12124 | D:9      | Found a staircase to the Orcish Mines.
 12587 | D:9      | Reached XP level 11. HP: 57/67 MP: 7/26
 12877 | Lair:1   | Entered Level 1 of the Lair of Beasts
 12930 | Lair:1   | Noticed a death yak
 12930 | Lair:1   | Noticed a death yak
 13018 | D:7      | Killed a death yak
 13018 | D:7      | Reached **** piety under Vehumet
 13024 | D:7      | Learned a level 4 spell: Olgreb's Toxic Radiance
 13293 | Lair:1   | Killed a death yak
 13294 | Lair:1   | Reached skill level 1 in Armour
 13294 | Lair:1   | Reached skill level 1 in Poison Magic
 13416 | Lair:1   | Noticed an eight-headed hydra
 13544 | Lair:1   | Slain by an eight-headed hydra

Illustrated notes

Levels and vault maps discovered:
D:1:      dpeg_arrival_boxorama, layout_basic
D:2:      layout_loops_ring, serial_shops, nicolae_shop_stone,
          basic_ecumenical_altar
D:3:      layout_loops_cross, mainiacjoe_overflow_six_doors_small,
          gammafunk_ghost_smash, item_on_display_a
D:4:      layout_loops_ring, fedhas_altar_4, minmay_temple_entry_offerings
D:5:      layout_loops_corners, lemuel_coloured_pillars_altar, serial_aquarium,
          aquarium_bridge_straight [aquarium_subvault_bridge,
          aquarium_subvault_balcony, aquarium_subvault_bridge,
          aquarium_subvault_window], aquarium_bridge_straight
          [aquarium_subvault_bridge, aquarium_subvault_wall,
          aquarium_subvault_bridge, aquarium_subvault_window],
          aquarium_window_2, aquarium_window_1, aquarium_window_1,
          aquarium_view_2b, aquarium_pool_double
D:6:      layout_gridville, led_sif_book,
          mainiacjoe_overflow_concentric_impassable
D:7:      layout_loops_ring, mainiacjoe_overflow_catch_the_wave,
          uniq_crazy_yiuf_cottage
D:8:      layout_basic, lair_entry_dummy
D:9:      layout_long_grid, minmay_orc_entry_temple_small, enter_bailey_7,
          uniq_psyche
Temple:   cyrus_circular_temple
Lair:1:   layout_layer_cave, infiniplex_staircase_pool

Skill      XL: |  1  2  3  4  5  6  7  8  9 10 11 |
---------------+----------------------------------+-----
Dodging        | 3 4 5 |  5.0
Spellcasting   | 3 4 5 7 9 10 | 10.6
Conjurations   | 6 7 8 9 |  9.0
Fire Magic     | 3 5 |  5.0
Fighting       | 2 5 8 9 |  9.7
Armour         | 1 |  1.4
Poison Magic   | 2 |  2.0
Stealth        | |  2.5

Action                   |  1- 3 |  4- 6 |  7- 9 | 10-12 || total
-------------------------+-------+-------+-------+-------++-------
Melee: Dagger            |     4 |       |       |       ||     4
       Kick              |     1 |     1 |       |       ||     2
       Hand axe          |       |     4 |     4 |       ||     8
       Peck              |       |     1 |       |       ||     1
 Cast: Magic Dart        |    46 |    54 |    56 |    19 ||   175
       Searing Ray       |     6 |    17 |    46 |    33 ||   102
       Foxfire           |       |       |    73 |    39 ||   112
       Scorch            |       |       |       |   120 ||   120
       Olgreb's Toxic Ra |       |       |       |     1 ||     1
  Use: Scroll            |       |       |     8 |     6 ||    14
Armor: Robe              |     1 |     4 |    14 |    15 ||    34
       Skin              |       |     1 |       |       ||     1
Dodge: Dodged            |    10 |    12 |    50 |    77 ||   149
Block: Other             |       |       |    14 |    28 ||    42
       Reflection        |       |       |     1 |     2 ||     3
